 Dungeon Crawl Stone Soup version 0.16.1-25-gbcee3f8 (webtiles) character file.

6578 Ahaen the Cleaver (level 11, -7/106 HPs)
             Began as a Hill Orc Fighter on May 21, 2015.
             Was a Priest of Beogh.
             Mangled by a wolf spider simulacrum (25 damage)
             ... in an ice cave.
             The game lasted 00:25:17 (8562 turns).

Ahaen the Cleaver (Hill Orc Fighter)                Turns: 8562, Time: 00:25:17

Health: -7/106     AC: 14    Str: 25    XL:     11   Next: 1%
Magic:  11/11      EV: 13    Int: 10    God:    Beogh [***...]
Gold:   487        SH:  0    Dex: 10    Spells: 0 memorised, 10 levels left

rFire  x . .     SeeInvis .     I - +7 battleaxe (freeze)
rCold  . . .     Clarity  .     A - +4 ring mail
rNeg   . . .     SustAb   .     (no shield)
rPois  +         Gourm    .     (no helmet)
rElec  .         Spirit   .     i - +0 cloak
rCorr  .         Warding  .     (no gloves)
rMut   .         Stasis   .     y - +0 pair of boots
MR     .....                    (no amulet)
Stlth  ..........               t - ring of poison resistance
                                B - ring of Freedom {rPois rF- Str+2 Slay+6}

@: not resistant to hostile enchantments, extremely unstealthy
A: clever 1, mutation resistance 1, robust 1
a: Smiting, Renounce Religion


You were in an ice cave.
You worshipped Beogh.
Beogh was most pleased with you.
You were not hungry.

You visited 2 branches of the dungeon, and saw 10 of its levels.
You also visited: Sewer and Ice Cave.

You collected 487 gold pieces.

Inventory:

Hand weapons
 a - a +1 war axe
 I - a +7 battleaxe of freezing (weapon)
Armour
 b - a +0 scale mail
 c - a +0 shield
 i - a +0 cloak (worn)
 y - a +0 pair of boots (worn)
 A - a +4 ring mail (worn)
Jewellery
 t - a ring of poison resistance (right hand)
 B - the ring of Freedom (left hand) {rPois rF- Str+2 Slay+6}
   (You found it on level 7 of the Dungeon)

   [ring of strength]

   It affects your strength (+2).
   It affects your accuracy and damage with ranged weapons and melee attacks
   (+6).
   It makes you vulnerable to fire.
   It protects you from poison.
 F - a +2 ring of intelligence {unknown}
Magical devices
 e - a wand of enslavement (10)
 h - a wand of magic darts (35)
 q - a wand of fireball (4)
 v - a wand of random effects (16)
 w - a wand of digging (9)
 x - a wand of enslavement (15)
 D - a wand of flame (20)
 E - a wand of confusion (27)
 G - a wand of frost (28)
 J - a wand of paralysis (9)
 M - a wand of lightning (8)
Scrolls
 f - a scroll of holy word {unknown}
 m - 12 scrolls of identify
 o - 3 scrolls of remove curse
 r - a scroll of magic mapping
 O - a scroll of recharging
Potions
 d - 2 potions of brilliance
 g - a potion of agility
 j - 6 potions of curing
 l - 2 potions of might
 n - 3 potions of heal wounds
 p - a potion of resistance
 s - a potion of poison
Books
 z - a book of the Warp

   Spells                             Type                      Level
   a - Recall                         Summoning/Translocation      3
   b - Control Teleport               Charms/Translocation         4
   c - Force Lance                    Conjuration/Translocation    4
   d - Phase Shift                    Translocation                5
   e - Warp Weapon                    Charms/Translocation         5
   f - Gell's Gravitas                Hexes/Translocation          5
   g - Summon Forest                  Summoning/Translocation      5
Comestibles
 k - a bread ration
 u - 2 beef jerkies
 C - 8 fruits
 H - a slice of pizza


   Skills:
 + Level 9.5 Fighting
 + Level 9.9 Axes
 + Level 8.8 Armour
 + Level 6.0 Dodging
 + Level 8.8 Shields


You had 10 spell levels left.
You didn't know any spells.

Dungeon Overview and Level Annotations

Branches:
Dungeon (9/15)             Temple (0/1) D:5            Lair (1/8) D:9
    Orc (0/4) D:9

Altars:
Ashenzari
Dithmenos
Fedhas
Gozag
Sif Muna
Trog
Vehumet
Yredelemnul

Shops:
D:4 *


Innate Abilities, Weirdness & Mutations

Your mind is acute. (Int +2)
You are somewhat resistant to further mutation.
You are robust (+10% HP).


Message History

Found an ice covered gate leading back out of this place.
There is an ice choked empty arch of ancient stone here.
The wolf simulacrum bites you but does no damage.
You barely miss the wolf simulacrum. You slash the polar bear simulacrum!
The wolf simulacrum bites you but does no damage.
The polar bear simulacrum misses you. The polar bear simulacrum claws you.
The polar bear simulacrum freezes you!
The polar bear simulacrum claws you but does no damage.
The wolf spider simulacrum hits you! The wolf spider simulacrum freezes you!
* * * LOW HITPOINT WARNING * * *
The wolf spider simulacrum closely misses you.
The wolf simulacrum closely misses you.
There is an ice choked empty arch of ancient stone here.
The wolf simulacrum misses you. The wolf spider simulacrum misses you.
The wolf spider simulacrum barely misses you.
There is an ice covered gate leading back out of this place here.
The wolf simulacrum barely misses you. The wolf spider simulacrum hits you.
* * * LOW HITPOINT WARNING * * *
The wolf spider simulacrum freezes you!!
You die...

#####
##...##
##..@..##
#...ZZ..#
#...Z...#
##..Z..##
##...##
#...#
#...##
#...#
##...


You could see a wolf simulacrum, a death yak simulacrum, a polar bear simulacrum
and a wolf spider simulacrum.

Vanquished Creatures
  A black mamba (Lair:1)
  2 spiny frogs (Lair:1)
  A troll (D:9)
  A wyvern (D:9)
  7 yaks
  A hungry ghost (D:8)
  Eustachio (D:4)
  A water moccasin (D:6)
  A hippogriff (D:8)
  3 orc warriors
  A sky beast (D:7)
  A black bear (D:7)
  A porcupine (Lair:1)
  7 centaurs
  2 necrophages
  2 ogres
  A big kobold (Sewer)
  7 giant frogs
  Blork the orc (D:5)
  A water moccasin skeleton (D:6)
  6 killer bees (D:9)
  5 scorpions
  7 wights
  A giant frog zombie (D:7)
  5 crimson imps
  A jelly (D:7)
  A quasit (D:9)
  2 giant frog skeletons
  Crazy Yiuf (D:3)
  5 orc priests
  5 hounds
  A centaur skeleton (D:6)
  8 orc wizards
  3 iguanas
  9 worker ants
  7 sheep (Lair:1)
  A hound skeleton (D:4)
  A hound zombie (D:8)
  12 adders
  4 gnolls (D:5)
  8 river rats (Lair:1)
  5 shadow imps
  3 giant mites
  5 worms
  An ufetubus (D:4)
  An adder zombie (D:8)
  2 adder skeletons (D:7)
  6 giant geckos
  An ooze (Sewer)
  29 orcs
  A ball python (D:2)
  10 bats
  3 bat skeletons
  4 giant cockroaches
  10 goblins
  15 hobgoblins
  20 kobolds
  10 quokkas
  6 giant newts
  3 jackals (D:3)
  A jackal skeleton (D:5)
  A quokka skeleton (D:8)
  19 rats
  A bush (D:6)
293 creatures vanquished.

Vanquished Creatures (collateral kills)
  A porcupine (Lair:1)
  An orc (D:9)
2 creatures vanquished.

Vanquished Creatures (others)
  An orc priest (D:7)
  9 orcs
10 creatures vanquished.

Grand Total: 305 creatures vanquished

Notes
Turn   | Place    | Note
--------------------------------------------------------------
     0 | D:1      | Ahaen, the Hill Orc Fighter, began the quest for the Orb.
     0 | D:1      | Reached XP level 1. HP: 19/19 MP: 1/1
   481 | D:1      | Reached XP level 2. HP: 24/27 MP: 2/2
   780 | D:2      | Reached skill level 4 in Fighting
   780 | D:2      | Reached XP level 3. HP: 33/33 MP: 3/3
  1016 | D:2      | HP: 1/33 [poisoned by an adder]
  1341 | D:3      | Reached XP level 4. HP: 34/41 MP: 4/4
  1395 | D:3      | Noticed Crazy Yiuf
  1421 | D:3      | HP: 2/41 [Crazy Yiuf/quarterstaff of chaos (8)]
  1425 | D:3      | Killed Crazy Yiuf
  1425 | D:3      | Reached skill level 1 in Dodging
  1738 | D:3      | Found a glowing drain.
  1745 | Sewer    | Entered a sewer
  1781 | Sewer    | Noticed a big kobold
  1793 | Sewer    | Killed a big kobold
  1793 | Sewer    | Reached XP level 5. HP: 34/47 MP: 5/5
  2445 | D:4      | Reached XP level 6. HP: 55/55 MP: 6/6
  2539 | D:4      | Reached skill level 5 in Fighting
  2613 | D:4      | Noticed Eustachio
  2729 | D:4      | Killed Eustachio
  2729 | D:4      | Reached XP level 7. HP: 13/61 MP: 7/7
  2757 | D:4      | Found a basalt altar of Yredelemnul.
  2927 | D:4      | Reached skill level 5 in Armour
  3102 | D:4      | Found an opulent altar of Gozag.
  3105 | D:4      | Found Gozag's Platinum Reserve.
  3216 | D:5      | Entered Level 5 of the Dungeon
  3245 | D:5      | Reached skill level 5 in Axes
  3347 | D:5      | Found a shattered altar of Ashenzari.
  3352 | D:5      | Noticed Blork the orc
  3361 | D:5      | Reached skill level 5 in Shields
  3370 | D:5      | Killed Blork the orc
  3445 | D:5      | Reached XP level 8. HP: 23/70 MP: 8/8
  3576 | D:5      | Found a staircase to the Ecumenical Temple.
  3865 | D:6      | Reached skill level 6 in Fighting
  3884 | D:6      | Found a deep blue altar of Sif Muna.
  3965 | D:6      | HP: 3/70 [poisoned by a water moccasin]
  3970 | D:6      | HP: 2/70 [poisoned by a giant mite]
  4784 | D:6      | Found a blossoming altar of Fedhas.
  4880 | D:6      | Found a shadowy altar of Dithmenos.
  5233 | D:6      | Reached skill level 7 in Fighting
  5233 | D:6      | Reached XP level 9. HP: 30/79 MP: 9/9
  5675 | D:7      | Got a warped ivory ring
  5762 | D:7      | Became a worshipper of Beogh the Brigand
  6106 | D:7      | Found an opulent altar of Gozag.
  6284 | D:7      | Acquired Beogh's first power
  6642 | D:7      | Noticed a moth of wrath
  6649 | D:7      | Found a bloodstained altar of Trog.
  6799 | D:8      | Reached skill level 8 in Axes
  6894 | D:8      | Acquired Beogh's second power
  6975 | D:8      | Identified the ring of Freedom {rPois rF- Str+2 Slay+6} (You found it on level 7 of the Dungeon)
  6998 | D:8      | Gained mutation: You are robust (+10% HP). [potion of mutation]
  6998 | D:8      | Gained mutation: Your mind is acute. (Int +2) [potion of mutation]
  6998 | D:8      | Gained mutation: You are somewhat resistant to further mutation. [potion of mutation]
  7031 | D:8      | Reached XP level 10. HP: 96/96 MP: 10/10
  7188 | D:8      | Reached skill level 5 in Dodging
  7394 | D:8      | Found a deep blue altar of Sif Muna.
  7611 | D:9      | Found a radiant altar of Vehumet.
  7840 | D:9      | Reached skill level 9 in Axes
  7907 | D:9      | Acquired Beogh's third power
  7917 | D:9      | Found a staircase to the Lair.
  8049 | D:9      | Found a staircase to the Orcish Mines.
  8278 | Lair:1   | Entered Level 1 of the Lair of Beasts
  8371 | Lair:1   | Noticed a black mamba
  8384 | Lair:1   | Killed a black mamba
  8384 | Lair:1   | Gained Bogdan as an ally
  8401 | Lair:1   | Reached XP level 11. HP: 46/106 MP: 11/11
  8510 | Lair:1   | Found a frozen archway.
  8554 | IceCv    | Entered an ice cave
  8562 | IceCv    | Mangled by a wolf spider simulacrum

Action                   |  1- 3 |  4- 6 |  7- 9 | 10-12 || total
-------------------------+-------+-------+-------+-------++-------
Melee: War axe           |   112 |   173 |   489 |       ||   774
       Battleaxe         |       |       |    25 |   165 ||   190
  Use: Potion            |     5 |     4 |     9 |     1 ||    19
       Scroll            |     3 |       |     5 |     9 ||    17
  Eat: Meat ration       |       |     2 |     1 |       ||     3
       Pizza             |       |       |     2 |       ||     2
       Bread ration      |       |       |     1 |     1 ||     2
       Royal jelly       |       |       |     1 |     1 ||     2
